 Dungeon Crawl Stone Soup version 0.28.0-53-g5a82cb258f (webtiles) character file.

Game seed: 15670889073041429158

87 Sin92 the Skirmisher (level 4, -3/36 HPs)
             Began as a Demonspawn Fighter on June 13, 2022.
             Slain by Grinder (6 damage)
             ... while paralysed by Grinder
             ... on level 3 of the Dungeon.
             The game lasted 00:01:51 (3660 turns).

Sin92 the Skirmisher (Demonspawn Fighter)           Turns: 3660, Time: 00:01:52

Health: -3/36      AC:  6    Str: 18    XL:     4   Next: 28%
Magic:  4/4        EV:  2    Int: 10    God:
Gold:   92         SH:  0    Dex: 12    Spells: 3/3 levels left

rFire   . . .      SeeInvis .   a - +0 war axe
rCold   . . .      Faith    .   c - +0 buckler
rNeg    . . .      Spirit   .   b - +0 scale mail
rPois   .          Reflect  .   (no helmet)
rElec   .          Harm     .   (no cloak)
rCorr   .          Rampage  .   (no gloves)
Will    .....                   (no boots)
Stlth   ..........              (no amulet)
HPRegen 0.12/turn               (no ring)
MPRegen 0.09/turn               (no ring)

@: paralysed, mighty
A: spiny 1, demonic magic 1, weakness stinger 1
a: no special abilities


You were on level 3 of the Dungeon.
You visited 1 branch of the dungeon, and saw 3 of its levels.

You collected 92 gold pieces.

Inventory:

Hand Weapons
 a - a +0 war axe (weapon)
Armour
 b - a +0 scale mail (worn)
 c - a +0 buckler (worn)
Scrolls
 e - 2 scrolls of teleportation {unknown}
 f - 4 scrolls of identify
 j - a scroll of amnesia {unknown}
 k - a scroll of immolation {unknown}
 l - a scroll of enchant armour {unknown}
 m - a scroll of magic mapping {unknown}
Potions
 g - a potion of flight
 h - a potion of haste {unknown}
 i - a potion of curing {unknown}
 n - a potion of attraction {unknown}


   Skills:
 + Level 3.6 Fighting
 + Level 2.5 Axes
 + Level 3.2 Armour
 + Level 3.3 Shields


You had 3 spell levels left.
You didn't know any spells.
Your spell library contained the following spells:

 Spells                   Type           Power      Damage    Failure   Level
 Sandblast                Erth           0%         2d4       83%         1
 Passwall                 Tmut/Erth      0%         N/A       93%         2
 Stone Arrow              Conj/Erth      0%         3d7       99%         3


Dungeon Overview and Level Annotations

Branches:
Dungeon (3/15)

Altars:
Trog
Xom

Shops:
D:1 [

Annotations:
D:3 3 runed translucent doors, Grinder; SpoonFarmer's ghost, amateur HuMo


Innate Abilities, Weirdness & Mutations

You are partially covered in sharp spines.
Spells you cast may paralyse adjacent enemies.
You have a small tail.


Message History

You resist with significant effort.
Grinder is nearby!
Grinder is nearby!
You block Grinder's attack.
You hit Grinder but do no damage. Grinder hits you but does no damage.
Grinder is struck by your spines. Grinder closely misses you.
Grinder is nearby!
You closely miss Grinder.
Grinder is lightly wounded.
Grinder hits you.
You writhe in agony.
Grinder is nearby!
You completely miss Grinder.
Your tail-slap misses Grinder.
Grinder is lightly wounded.
Grinder gestures at you. You resist with significant effort.
Grinder closely misses you.
You hit Grinder.
Grinder is lightly wounded.
Grinder gestures at you. You resist with significant effort.
You closely miss Grinder.
Grinder is lightly wounded.
Grinder gestures at you. Pain shoots through your body!
You are too injured to fight recklessly!
You are too injured to fight recklessly!
You are too injured to fight recklessly!
You feel very mighty all of a sudden. Grinder is struck by your spines.
Grinder hits you but does no damage.
You barely miss Grinder.
Grinder is moderately wounded.
Grinder gestures at you.
You suddenly lose the ability to move!
Grinder hits you. Grinder hits you.
* * * LOW HITPOINT WARNING * * *
You writhe in agony.
* * * LOW HITPOINT WARNING * * *
Grinder hits you.
* * * LOW HITPOINT WARNING * * *
You writhe in agony.
You die...

...#..# #.#######
...#..### #.#
###'..+.###.##.#
.+.#..#.....##.#
.#.#..#.###.##.###
.#.'##'.# #.##.#..
.#.#..#.# #.##.#.#
.+.#..#.# #.##.#5#
###'..+.# #.##.#@#
...#..### #.##)#.#
...#..# ##....#.#
###'### #.......#
##..# #.#######
...## #.# #### #.#
#.# #.#


You could see Grinder.

Vanquished Creatures
  3 adders
  2 dart slugs (D:2)
  An orc (D:3)
  5 bats
  4 endoplasms
  4 giant cockroaches
  4 goblins
  2 hobgoblins
  4 jackals (D:2)
  3 quokkas
  6 ball pythons
  A frilled lizard (D:1)
  6 kobolds
  9 rats
54 creatures vanquished.

Notes
Turn   | Place    | Note
-------+----------+-------------------------------------------
     0 | D:1      | Sin92 the Demonspawn Fighter began the quest for the Orb.
     0 | D:1      | Reached XP level 1. HP: 18/18 MP: 1/1
    85 | D:1      | Found a faded altar of an unknown god.
  1084 | D:1      | Gained mutation: You are partially covered in sharp spines.
                  | [demonic ancestry]
  1084 | D:1      | Reached XP level 2. HP: 24/24 MP: 2/2
  1653 | D:1      | Found Hammufo's Antique Armour Boutique.
  2003 | D:2      | Gained mutation: You have a small tail. [demonic ancestry]
  2003 | D:2      | Reached XP level 3. HP: 16/29 MP: 3/3
  2938 | D:3      | Gained mutation: Spells you cast may paralyse adjacent
                  | enemies. [demonic ancestry]
  2938 | D:3      | Reached XP level 4. HP: 22/35 MP: 4/4
  3112 | D:3      | Found a shimmering altar of Xom.
  3211 | D:3      | Found a bloodstained altar of Trog.
  3369 | D:3      | Found a runed translucent gate.
  3369 | D:3      | Found a runed translucent gate.
  3370 | D:3      | Found a runed translucent gate.
  3371 | D:3      | Noticed SpoonFarmer's ghost (amateur HuMo)
  3375 | D:3      | Identified the +6 whip "Killer Bee's Doom" {elec, rElec
                  | rPois Will+++ Str-4}
  3648 | D:3      | Noticed Grinder
  3658 | D:3      | Paralysed by Grinder for 5 turns
  3660 | D:3      | Slain by Grinder

Illustrated notes

Levels and vault maps discovered:
D:1:      giann_wishing_wells, layout_basic, ebering_ecumenical_altar_rust,
          serial_shops, nicolae_diamond_shop
D:2:      layout_loops_corners
D:3:      layout_basic, mainiacjoe_overflow_24_doors,
          mainiacjoe_overflow_tiny_flanked, biasface_ghost_orc_armoury,
          uniq_grinder

Skill      XL: |  1  2 |
---------------+-------+-----
Axes           | 2 |  2.5
Shields        | 3 |  3.3
Armour         | 3 |  3.2
Fighting       | |  3.6

Action                   |  1- 3 |  4- 6 || total
-------------------------+-------+-------++-------
Melee: War axe           |   104 |    22 ||   126
       Tailslap          |     2 |     4 ||     6
  Use: Scroll            |     1 |       ||     1
       Potion            |       |     1 ||     1
Armor: Scale mail        |    43 |    14 ||    57
Dodge: Dodged            |    33 |     8 ||    41
Block: Buckler           |    30 |     4 ||    34
